 Dungeon Crawl Stone Soup version 0.28-a0-429-g1448048969 (webtiles) character file.

Game seed: 7264286908847751312

606 robertstho the Magician (level 7, 0/49 HPs)
             Began as a Djinni Fire Elementalist on Sept 10, 2021.
             Slain by Blork the orc (12 damage)
             ... on level 4 of the Dungeon.
             The game lasted 00:05:13 (5010 turns).

robertstho the Magician (Djinni Fire Elementalist)  Turns: 5010, Time: 00:05:14

Health: 0/49       AC:  3    Str: 10    XL:     7   Next: 71%
Gold:   186        EV: 12    Int: 19    God:
                   SH:  0    Dex: 11

rFire   + . .      SeeInvis .   s - +7 hand axe of Pautin {drain, rElec rCorr Str+3 Dex-2}
rCold   . . .      Faith    .   (no shield)
rNeg    . . .      Spirit   .   a - +0 robe
rPois   ∞          Reflect  .   (no helmet)
rElec   +          Harm     .   n - +0 cloak {Will+}
rCorr   +          Rampage  .   (no gloves)
Will    +....                   (boots unavailable)
Stlth   ++........              (no amulet)
HPRegen 0.16/turn               m - ring of ice
MPRegen 0.00/turn               (no ring)

@: flying
A: sickness immunity, fire resistance 2, cold vulnerability 1, float, innate
caster, hp casting, extra vitality 1
a: no special abilities


You were on level 4 of the Dungeon.
You visited 1 branch of the dungeon, and saw 4 of its levels.

You collected 186 gold pieces.

Inventory:

Hand Weapons
 e - a +0 short sword
 o - a +2 antimagic dagger
 s - the +7 hand axe of Pautin (weapon) {drain, rElec rCorr Str+3 Dex-2}
   (You took it off a kobold on level 4 of the Dungeon)

   A truly terrible weapon, it drains the life of any living foe it strikes.
   Str:       It affects your strength (+3).
   Dex:       It affects your dexterity (-2).
   rElec:     It insulates you from electricity.
   rCorr:     It protects you from acid and corrosion.
Armour
 a - a +0 robe (worn)
 n - a +0 cloak of willpower (worn)
Jewellery
 m - a ring of ice (left hand)
 p - a ring of willpower
Scrolls
 b - 2 scrolls of fear {unknown}
 c - a scroll of enchant armour {unknown}
 d - a scroll of vulnerability {unknown}
 g - a scroll of enchant weapon
 h - a scroll of identify {unknown}
 r - a scroll of amnesia {unknown}
Potions
 f - 2 potions of magic {unknown}
 i - a potion of heal wounds {unknown}
 j - a potion of mutation {unknown}
 k - a potion of ambrosia {unknown}
 l - 2 potions of degeneration {unknown}
 q - a potion of curing {unknown}


   Skills:
 * Level 2.2 Fighting
 + Level 2.4 Dodging
 + Level 2.3 Stealth
 * Level 5.9 Spellcasting


You couldn't memorise any spells.
You knew the following spells:

 Your Spells              Type           Power      Damage    Failure   Level
a - Foxfire               Conj/Fire      100%       2x1d9     1%          1
b - Scorch                Fire           56%        2d7       1%          2
c - Conjure Flame         Conj/Fire      28%        6-21      3%          3
d - Inner Flame           Hex/Fire       28%        N/A       3%          3
e - Flame Wave            Conj/Fire      28%        3d7       10%         4
f - Magic Dart            Conj           100%       1d8       1%          1
g - Corpse Rot            Necr/Air       N/A        N/A       1%          2
h - Vampiric Draining     Necr           14%        2d8       3%          3
Your spell library was empty.

Dungeon Overview and Level Annotations

Branches:
Dungeon (4/15)
 Temple: D:4-7

Altars:
Makhleb

Annotations:
D:3 2 transporters
D:4 Blork the orc


Innate Abilities, Weirdness & Mutations

You are immune to sickness and miasma.
You are immune to poison.
Your flesh is very heat resistant. (rF++)
You are vulnerable to cold. (rC-)
You float through the air rather than walking.
You learn spells naturally, not from books.
Your magical power is your life essence.
You have superior vitality. (+4 HP)


Message History

A wave of flame ripples out!
The flame wave engulfs the iguana!
You kill the iguana!
The flame wave engulfs the centaur skeleton!
The centaur skeleton is moderately damaged.
A goblin comes into view. It is wielding a +0 club.
A wave of flame ripples out!
The flame wave engulfs the centaur skeleton!
The centaur skeleton is severely damaged.
The flame wave engulfs Ijyb!
Ijyb is moderately wounded.
You finish channelling waves of flame.
The centaur skeleton closely misses you.
The centaur skeleton barely misses you.
Casting: Flame Wave (quite dangerous; 11% risk of failure)
Confirm with . or Enter, or press ? or * to list all spells.
The spell is quite dangerous to cast (11% risk of failure)!
Continue anyway? [Y]es or [N]o only, please.
The spell is quite dangerous to cast (11% risk of failure)!
Continue anyway?
Casting: Flame Wave (quite dangerous; 11% risk of failure)
Press: ? - help, Dir - look around, f - activate A wave of flame ripples out!
The flame wave engulfs the centaur skeleton!
You destroy the centaur skeleton! (Press . to intensify the flame waves.) Unknown command.
A wave of flame ripples out!
The flame wave engulfs Ijyb!
Ijyb is severely wounded.
Ijyb hits you with a +0 club.
* * * LOW HITPOINT WARNING * * *
A wave of flame ripples out!
The flame wave engulfs Ijyb!
You kill Ijyb!
The flame wave engulfs Blork the orc!
Blork the orc is moderately wounded.
* * * LOW HITPOINT WARNING * * *
You finish channelling waves of flame.
Blork the orc barely misses you.
As you read the scroll labelled CYCECZU XUIRPH, it crumbles to dust.
It is a scroll of enchant weapon.
Your +1 antimagic dagger glows red for a moment.
Blork the orc hits you with a +0 battleaxe!
You die...

#...#).g..Z..#......
#...#......#o#.......
#...#......#g.#+##...
#...#......##.# #.#
#####......##.#
#....(.##.#
#......##.#+#######
#...... #.o........
##.@.g.....
#.........
..#.####### #.#.#>. #
#.#.## #.#.. #....
###


You could see Blork the orc and a goblin.

Vanquished Creatures
  Sigmund (D:4)
  A centaur skeleton (D:4)
  Crazy Yiuf (D:2)
  2 iguanas (D:4)
  Jessica (D:2)
  3 orc wizards
  Ijyb (D:4)
  Natasha (thrice) (D:2)
  Robin (D:3)
  3 adders
  2 worms (D:2)
  2 dart slugs
  5 orcs
  4 ball pythons
  6 endoplasms
  3 giant cockroaches
  8 goblins
  14 hobgoblins
  4 quokkas
  7 bats
  4 frilled lizards
  9 kobolds
  4 rats
89 creatures vanquished.

Vanquished Creatures (collateral kills)
  2 foxfires (D:1)
2 creatures vanquished.

Vanquished Creatures (others)
  427 foxfires
427 creatures vanquished.

Grand Total: 518 creatures vanquished

Notes
Turn   | Place    | Note
-------+----------+-------------------------------------------
     0 | D:1      | robertstho the Djinni Fire Elementalist began the quest for
                  | the Orb.
     0 | D:1      | Reached XP level 1. HP: 15/15 MP: 0/0
   507 | D:1      | Reached XP level 2. HP: 18/21 MP: 0/0
  1203 | D:1      | Reached XP level 3. HP: 10/26 MP: 0/0
  1203 | D:1      | Learned a level 1 spell: Magic Dart
  1681 | D:1      | You are sucked into a shaft and drop 1 floor!
  1685 | D:2      | Reached skill level 3 in Spellcasting
  1817 | D:2      | Reached skill level 1 in Fighting
  2233 | D:2      | Noticed Natasha
  2238 | D:2      | Killed Natasha
  2239 | D:2      | Reached XP level 4. HP: 11/32 MP: 0/0
  2302 | D:2      | Noticed Natasha
  2306 | D:2      | Killed Natasha
  2458 | D:2      | Noticed Natasha
  2464 | D:2      | Killed Natasha
  2465 | D:2      | Reached XP level 5. HP: 24/37 MP: 0/0
  2465 | D:2      | Learned a level 2 spell: Corpse Rot
  2623 | D:2      | Found a burning altar of Makhleb.
  2697 | D:2      | Reached skill level 4 in Spellcasting
  2852 | D:2      | Noticed Jessica
  2871 | D:2      | Killed Jessica
  3115 | D:2      | Found a runed translucent door.
  3116 | D:2      | Noticed Crazy Yiuf
  3516 | D:2      | Killed Crazy Yiuf
  3517 | D:2      | Reached XP level 6. HP: 16/42 MP: 0/0
  3808 | D:3      | Found a transporter.
  4233 | D:3      | Noticed Robin
  4240 | D:3      | Killed Robin
  4389 | D:3      | Found a transporter.
  4756 | D:4      | Noticed Sigmund
  4760 | D:4      | Reached skill level 5 in Spellcasting
  4763 | D:4      | Killed Sigmund
  4764 | D:4      | Reached XP level 7. HP: 27/49 MP: 0/0
  4764 | D:4      | Learned a level 3 spell: Vampiric Draining
  4966 | D:4      | Identified the +7 hand axe of Pautin {drain, rElec rCorr
                  | Str+3 Dex-2}
  4983 | D:4      | Noticed Ijyb
  4984 | D:4      | Noticed Blork the orc
  5009 | D:4      | Killed Ijyb
  5010 | D:4      | Slain by Blork the orc

Illustrated notes

Levels and vault maps discovered:
D:1:      erik_arrival_cave_to_civilisation [erik_arrival_cave_to_hall],
          layout_basic, serial_forest, infiniplex_forest_lined_room_2,
          infiniplex_forest_clump_large, infiniplex_forest_end_2,
          infiniplex_forest_straight_2, infiniplex_forest_clump_medium,
          infiniplex_forest_straight_2, infiniplex_forest_join,
          shapermc_ecumenical_altar_petra
D:2:      layout_basic, basic_altar, uniq_crazy_yiuf_cottage, uniq_natasha,
          uniq_jessica
D:3:      gammafunk_wand_slinger, layout_loops_ring, uniq_robin
D:4:      layout_basic, uniq_sigmund, uniq_grinder, uniq_ijyb, uniq_pikel,
          uniq_blork_the_orc

Skill      XL: |  1  2  3  4  5  6 |
---------------+-------------------+-----
Spellcasting   | 3 4 5 |  5.9
Fighting       | 1 2 |  2.2
Stealth        | 2 |  2.3
Dodging        | |  2.4

Action                   |  1- 3 |  4- 6 |  7- 9 || total
-------------------------+-------+-------+-------++-------
Melee: Dagger            |       |     1 |       ||     1
 Cast: Foxfire           |   101 |   147 |    11 ||   259
       Scorch            |     3 |     7 |     6 ||    16
       Flame Wave        |       |       |     2 ||     2
  Use: Scroll            |       |       |     1 ||     1
Armor: Robe              |     3 |     4 |     2 ||     9
Dodge: Dodged            |     6 |     7 |     6 ||    19

Table legend: (Time is in decaauts)
 A = Elapsed time spent in this place.
 B = Non-inter-level travel time spent in this place.
 C = Inter-level travel time spent in this place.
 D = Time resting spent in this place.
 E = Time spent auto-exploring this place.
 F = Levels seen in this place.
 G = Mean time per level.
                   A        B        C        D        E       F      G
               +--------+--------+--------+--------+--------+-----+--------+
         Total |   4993 |   4955 |     38 |     22 |   4375 |   4 | 1248.2 |
       Dungeon |   4993 |   4955 |     38 |     22 |   4375 |   4 | 1248.2 |
               +--------+--------+--------+--------+--------+-----+--------+

Top non-repeatable levels by time:
     D:2: 2050 daAuts
     D:1: 1680 daAuts
     D:3: 940 daAuts
     D:4: 321 daAuts
